 Dungeon Crawl Stone Soup version 0.30-a0-304-gdc4b735fe1 (webtiles) character file.

Game seed: 6158393135322959985

121 ryw the Trooper (level 4, -4/39 HPs)
             Began as a Demonspawn Monk on Oct 21, 2022.
             Slain by Grinder (6 damage)
             ... on level 3 of the Dungeon.
             The game lasted 00:03:28 (1798 turns).

ryw the Trooper (Demonspawn Monk)                   Turns: 1798, Time: 00:03:29

Health: -4/39      AC:  5    Str: 11    XL:     4   Next: 77%
Magic:  4/4        EV: 12    Int: 14    God:
Gold:   102        SH:  4    Dex: 15    Spells: 3/3 levels left

rFire   . . .      SeeInvis .    b - +0 war axe
rCold   . . .      Faith    .    (no shield)
rNeg    . . .      Spirit   .    a - +0 robe
rPois   .          Reflect  .    (no helmet)
rElec   .          Harm     .    (no cloak)
rCorr   .          Rampage  .    (no gloves)
Will    .....                    f - +0 pair of boots
Stlth   ++........               (no amulet)
HPRegen 0.26/turn                (no ring)
MPRegen 0.18/turn                (no ring)

@: flying
A: thin metallic scales 1, magic regeneration, condensation shield
a: no special abilities


You were on level 3 of the Dungeon.
You visited 1 branch of the dungeon, and saw 3 of its levels.

You collected 102 gold pieces.

Inventory:

Hand Weapons
 b - a +0 war axe (weapon)
Armour
 a - a +0 robe (worn)
 f - a +0 pair of boots (worn)
Magical Staves
 k - a staff of air
Scrolls
 e - 2 scrolls of vulnerability {unknown}
 g - 2 scrolls of identify {unknown}
 i - a scroll of torment {unknown}
 j - 2 scrolls of teleportation {unknown}
 m - a scroll of immolation {unknown}
Potions
 c - a potion of lignification


   Skills:
 + Level 5.2 Fighting
 - Level 2.6 Dodging
 - Level 1.7 Stealth
 + Level 1.3 Shields
 - Level 2.6 Unarmed Combat


You had 3 spell levels left.
You didn't know any spells.
Your spell library was empty.

Dungeon Overview and Level Annotations

Branches:
Dungeon (3/15)

Altars:
Uskayaw

Annotations:
D:2 Sigmund
D:3 Grinder


Innate Abilities, Weirdness & Mutations

You are partially covered in thin metallic scales. (AC +2)
You regenerate magic rapidly.
A meltable shield of frost defends you. (SH +4)


Message History

You hit Grinder.
Grinder is lightly wounded.
Grinder hits you.
You writhe in agony.
You hit Grinder.
Grinder is lightly wounded.
Grinder completely misses you. Grinder gestures at you.
You suddenly lose the ability to move!
Grinder hits you.
You writhe in agony.
Grinder hits you but does no damage. Grinder hits you.
You writhe in agony.
You can move again.
You slash Grinder!
Grinder is moderately wounded.
Grinder closely misses you.
Unknown command.
You barely miss Grinder.
Grinder is moderately wounded.
Grinder gestures at you.
You shrug off the repeated paralysis!
Grinder blinks!
Unknown command.
You closely miss the adder. You hit Grinder but do no damage.
The adder bites you but does no damage. Grinder gestures at you.
Pain shoots through your body!
* * * LOW HITPOINT WARNING * * *
You hit the adder.
The adder is lightly wounded.
You hit Grinder. You block the adder's attack. Grinder gestures at you.
Pain shoots through your body!
* * * LOW HITPOINT WARNING * * *
The adder bites you but does no damage. Grinder completely misses you.
Unknown command.
It was a potion of flight.
You feel very buoyant.
You fly up into the air.
The adder bites you.
* * * LOW HITPOINT WARNING * * *
The adder bites you but does no damage. Grinder hits you.
You die...

####### ###
#..... ....
#.#... .....
#.##.# ####..
#.##S# #..
#.##@#
#..#######...5##
#..............#
##..........##.#
#.....#####.# .#
####.....# #.#
.# .........#
#.# ..
≈≈≈......# #.#
## ≈≈≈≈.....#
#.#


You could see Grinder and an adder.

Vanquished Creatures
  Natasha (D:2)
  4 gnolls (D:3)
  2 dart slugs
  8 ball pythons
  6 bats
  2 endoplasms (D:1)
  3 giant cockroaches
  9 goblins
  2 hobgoblins
  3 jackals (D:1)
  3 kobolds
  2 quokkas
  3 frilled lizards
  4 rats
52 creatures vanquished.

Notes
Turn   | Place    | Note
-------+----------+-------------------------------------------
     0 | D:1      | ryw the Demonspawn Monk began the quest for the Orb.
     0 | D:1      | Reached XP level 1. HP: 18/18 MP: 1/1
    68 | D:1      | Gained mutation: You regenerate magic rapidly. [demonic
                  | ancestry]
    68 | D:1      | Reached XP level 2. HP: 16/24 MP: 2/2
   296 | D:1      | Found a faded altar of an unknown god.
   323 | D:1      | Reached skill level 4 in Fighting
   470 | D:1      | Gained mutation: A meltable shield of frost defends you.
                  | (SH +4) [demonic ancestry]
   470 | D:1      | Reached XP level 3. HP: 29/30 MP: 3/3
  1453 | D:2      | Noticed Natasha
  1457 | D:2      | Noticed Sigmund
  1467 | D:2      | Killed Natasha
  1468 | D:2      | Gained mutation: You are partially covered in thin metallic
                  | scales. (AC +2) [demonic ancestry]
  1468 | D:2      | Reached XP level 4. HP: 38/38 MP: 4/4
  1587 | D:3      | Reached skill level 5 in Fighting
  1587 | D:3      | Reached skill level 1 in Shields
  1738 | D:3      | Found a hide-covered altar of Uskayaw.
  1787 | D:3      | Noticed Grinder
  1790 | D:3      | Paralysed by Grinder for 4 turns
  1798 | D:3      | Slain by Grinder

Illustrated notes

Levels and vault maps discovered:
D:1:      ncdulo_wetmaze, layout_loops_ring, nicolae_ecumenical_snake_handling,
          serial_rivers, chequers_serial_rivers_micro_e,
          chequers_serial_rivers_micro_a, chequers_serial_rivers_small_a,
          chequers_serial_rivers_micro_c, chequers_serial_rivers_micro_a,
          dk_noncrumbling_4, minmay_hexomino_c4
D:2:      layout_basic, dreamdust_princess_corridor, uniq_sigmund, uniq_natasha
D:3:      layout_loops_ring, yredelemnul_forgotten_temple_becter,
          mainiacjoe_overflow_catwalk, uniq_grinder

Skill      XL: |  1  2  3  4 |
---------------+-------------+-----
Fighting       | 4 5 |  5.2
Shields        | 1 |  1.3
Dodging        | |  2.6
Stealth        | |  1.7
Unarmed Combat | |  2.6

Action                   |  1- 3 |  4- 6 || total
-------------------------+-------+-------++-------
Melee: Unarmed           |   168 |    37 ||   205
       Punch             |     5 |     1 ||     6
       War axe           |       |     7 ||     7
  Use: Potion            |     3 |     2 ||     5
 Stab: Sleeping          |     4 |     1 ||     5
Armor: Robe              |    67 |     8 ||    75
       Skin              |     5 |    12 ||    17
Dodge: Dodged            |   166 |    19 ||   185
Block: Other             |    19 |     7 ||    26

Table legend: (Time is in decaauts)
 A = Elapsed time spent in this place.
 B = Non-inter-level travel time spent in this place.
 C = Inter-level travel time spent in this place.
 D = Time resting spent in this place.
 E = Time spent auto-exploring this place.
 F = Levels seen in this place.
 G = Mean time per level.
                   A        B        C        D        E       F      G
               +--------+--------+--------+--------+--------+-----+--------+
         Total |   1794 |   1757 |     37 |     98 |   1237 |   3 |  598.0 |
       Dungeon |   1794 |   1757 |     37 |     98 |   1237 |   3 |  598.0 |
               +--------+--------+--------+--------+--------+-----+--------+

Top non-repeatable levels by time:
     D:1: 1253 daAuts
     D:3: 295 daAuts
     D:2: 246 daAuts
